 Dungeon Crawl Stone Soup version 0.29.0-4-gdea44cf6ec (webtiles) character file.

Game seed: 2617104013516710339

29 qw the Chopper (level 3, -1/21 HPs)
             Began as a Tengu Warper on Aug 28, 2022.
             Succumbed to their own poison gas
             ... on level 1 of the Dungeon.
             The game lasted 00:00:05 (1111 turns).

qw the Chopper (Tengu Warper)                       Turns: 1111, Time: 00:00:06

Health: -1/21      AC:  9    Str: 13    XL:     3   Next: 16%
Magic:  7/7        EV:  4    Int: 13    God:
Gold:   27         SH:  7    Dex: 13    Spells: 6/6 levels left

rFire   . . .      SeeInvis .   Y - +0 hand axe
rCold   . . .      Faith    .   f - +0 kite shield
rNeg    . . .      Spirit   .   j - +0 chain mail
rPois   .          Reflect  .   (helmet restricted)
rElec   .          Harm     .   h - +0 cloak
rCorr   .          Rampage  .   (no gloves)
Will    .....                   (boots unavailable)
Stlth   ..........              (no amulet)
HPRegen 0.07/turn               (no ring)
MPRegen 0.10/turn               (no ring)

@: lethally poisoned (-1 -> -11), weak-willed
A: beak, talons 3
a: no special abilities


You were on level 1 of the Dungeon.
You visited 1 branch of the dungeon, and saw 1 of its levels.

You collected 27 gold pieces.


Innate Abilities, Weirdness & Mutations

You have a beak for a mouth.
You have claws for feet.


   Skills:
 - Level 2.0 Fighting
 - Level 3.9 Axes
 - Level 1.0 Throwing
 - Level 1.1 Armour
 - Level 2.1 Dodging
 + Level 0.0 Shields
 - Level 2.0 Spellcasting
 - Level 2.4 Translocations


You had 6 spell levels left.
You didn't know any spells.
Your spell library contained the following spells:

 Spells                   Type           Power      Damage    Failure   Level
 Blink                    Tloc           14%        N/A       100%        2
 Gell's Gravitas          Tloc           7%         N/A       100%        3
 Lesser Beckoning         Tloc           7%         N/A       100%        3
 Teleport Other           Tloc           7%         N/A       100%        3
 Manifold Assault         Tloc           7%         N/A       100%        5

Inventory:

Hand Weapons
 d - a +2 whip of venom
 Y - a +0 hand axe (weapon)
Armour
 f - a +0 kite shield (worn)
 h - a +0 cloak (worn)
 j - a +0 chain mail (worn)

Dungeon Overview and Level Annotations

Branches:
Dungeon (1/15)

Altars:


Message History

You finish taking off your +0 leather armour.
You start putting on your armour.
You continue putting on your +0 chain mail. x5
You finish putting on your +0 chain mail.
1103 ||| DROPPING +0 leather armour.
You drop a +0 leather armour.
Done exploring.
1104 ||| READING scroll labelled JAPEIDONIONT.
As you read the scroll labelled JAPEIDONIONT, it crumbles to dust.
Magic quickly surges around you.
It was a scroll of vulnerability.
Done exploring.
1105 ||| READING scroll labelled TUTHITI OPNEODDON.
The air fills with toxic fumes!
As you read the scroll labelled TUTHITI OPNEODDON, it crumbles to dust.
It was a scroll of poison.
Done exploring.
1106 ||| READING scroll labelled BIFFAR VAYTSI.
As you read the scroll labelled BIFFAR VAYTSI, it crumbles to dust.
It is a scroll of identify.
You don't have any unidentified items.
Done exploring.
1107 ||| DROPPING scroll of blinking.
You drop a scroll of blinking.
Done exploring.
(D) Dungeon
Where to? (* - list waypoints, ? - help)
What level of the Dungeon? (default 1, ? - help) Sorry, I don't know how to get there.
Done exploring.
1108 ||| Stepping randomly (stuck).
Really walk into that cloud of poison gas?
You are engulfed in poison gas.
You are lethally poisoned!
You feel very sick.
1109 ||| Stepping ~*~*~tactically~*~*~ (cloud).
You feel very sick.
Things that are here:
a scroll of blinking; a +0 leather armour
There is a lethal amount of poison in your body!
You feel very sick.
There is a lethal amount of poison in your body!
You die...

# ########### ####
#¤¤¤@¤¤¤¤0# ...##
#¤¤¤¤¤¤¤¤¤# ##..##
#¤¤0¤¤¤¤¤¤# ##..##
#¤¤¤¤¤¤¤¤¤# ##..####
#0¤¤¤¤¤¤¤¤# ##....#
#¤¤¤¤¤¤¤¤0###########
## ####.##
#¤¤¤¤0¤¤0¤#.........#
.#######..#
#¤0¤¤¤¤¤¤¤#.........#
..........#
#.).......#.........#


There were no monsters in sight!

Vanquished Creatures
  A dart slug (D:1)
  2 ball pythons (D:1)
  2 bats (D:1)
  2 giant cockroaches (D:1)
  4 goblins (D:1)
  2 jackals (D:1)
  2 quokkas (D:1)
  3 frilled lizards (D:1)
  2 kobolds (D:1)
  6 rats (D:1)
26 creatures vanquished.

Notes
Turn   | Place    | Note
-------+----------+-------------------------------------------
     0 | D:1      | qw the Tengu Warper began the quest for the Orb.
     0 | D:1      | Reached XP level 1. HP: 12/12 MP: 4/4
     0 | D:1      | 0 ||| qw: Version: 0.1-a-89-g26bdef1
     0 | D:1      | 0 ||| qw: Game counter: 1410
     0 | D:1      | 0 ||| qw: Always use a shield: true
     0 | D:1      | 0 ||| qw: God list: Okawaru
     0 | D:1      | 0 ||| qw: Allow faded altars: false
     0 | D:1      | 0 ||| qw: Do Orc after D:15 true
     0 | D:1      | 0 ||| qw: Do second Lair branch before Depths: true
     0 | D:1      | 0 ||| qw: Lair rune preference: random
     0 | D:1      | 0 ||| qw: Plans: Normal
     0 | D:1      | 0 ||| PLANNING D:1-11
    57 | D:1      | 57 ||| Stepping ~*~*~tactically~*~*~ (stealth).
   146 | D:1      | Reached XP level 2. HP: 17/17 MP: 6/6
   148 | D:1      | 148 ||| DROPPING +0 club.
   172 | D:1      | Reached skill level 3 in Axes
   571 | D:1      | Reached XP level 3. HP: 19/21 MP: 7/7
  1083 | D:1      | 1083 ||| UPGRADING to +0 kite shield.
  1088 | D:1      | 1088 ||| UPGRADING to +0 cloak.
  1093 | D:1      | 1093 ||| UPGRADING to +0 chain mail.
  1103 | D:1      | 1103 ||| DROPPING +0 leather armour.
  1104 | D:1      | 1104 ||| READING scroll labelled JAPEIDONIONT.
  1105 | D:1      | 1105 ||| READING scroll labelled TUTHITI OPNEODDON.
  1106 | D:1      | 1106 ||| READING scroll labelled BIFFAR VAYTSI.
  1107 | D:1      | 1107 ||| DROPPING scroll of blinking.
  1108 | D:1      | 1108 ||| Stepping randomly (stuck).
  1109 | D:1      | 1109 ||| Stepping ~*~*~tactically~*~*~ (cloud).
  1109 | D:1      | HP: 4/21 [poisoned by you (poison gas)]
  1110 | D:1      | HP: 1/21 [poisoned by you (poison gas)]
  1111 | D:1      | Succumbed to their own poison gas

Levels and vault maps discovered:
D:1:      wander_arrival_lonely_grave, layout_basic, st_stairs_13

Skill      XL: |  1  2 |
---------------+-------+-----
Axes           | 3 |  3.9
Fighting       | |  2.0
Throwing       | |  1.0
Armour         | |  1.1
Dodging        | |  2.1
Spellcasting   | |  2.0
Translocations | |  2.4

Action                   || total
-------------------------++-------
Melee: Hand axe          ||    47
       Peck              ||    11
       Kick              ||     9
Throw: Boomerang         ||     7
  Use: Scroll            ||     3
 Stab: Sleeping          ||     1
Armor: Leather armour    ||     6
Dodge: Dodged            ||    20

Table legend:
 A = Non-vault XP
 B = Vault XP
 C = Vault XP percentage of total XP
 D = Non-vault monster count
 E = Vault monster count
 F = Vault count percentage of total count
                 A         B        C        D         E       F
            +---------+---------+-------+---------+---------+-------
      Total |      40 |       2 |   4.8 |      25 |       1 |   3.8
            +---------+---------+-------+---------+---------+-------
        D:1 |      40 |       2 |   4.8 |      25 |       1 |   3.8
            +---------+---------+-------+---------+---------+-------
